Knights vs Rafales (R2)

Created - December 22, 2020 at 19:11

Goals
1 2 3 T
Knights 3 4 2 9
Rafales 0 1 4 5
Shots
1 2 3 T
Knights 5 11 6 22
Rafales 9 7 17 33

1st period

1. Knights , Alan Quine 2 (Martin Frk 5, Nathan Walker 5) at 7:19
2. Knights , Brendan Gaunce 5 (Dwight King 6, Iiro Pakarinen 16) at 7:25
3. Knights , Dwight King 11 (Iiro Pakarinen 17, Brendan Gaunce 18) at 13:11

Penalties :
Jordan Martinook (Lon) for Hooking (Minor) at 13:38, Brian Ferlin (Stf) for Hooking (Minor) at 16:47

2nd period

4. Knights , Curtis Lazar 2 (Ludwig Bystrom 10, Vince Hinostroza 16) at 5:41
5. Rafales , Joe Labate 7 (Cade Fairchild 1) at 8:07
6. Knights , Jordan Martinook 8 (Nicolas Petan 2, Josh Bailey 6) at 15:36 (PP)
7. Knights , Dwight King 12 (Troy Stetcher 14, Iiro Pakarinen 18) at 16:18 (PP)
8. Knights , Nikolaj Ehlers 14 (Vince Hinostroza 17) at 18:28

Penalties :
Connor Murphy (Stf) for Holding (Minor) at 1:51, Connor Murphy (Stf) for Slashing (Minor) at 8:28, Ben Thomson (Stf) for Hooking (Minor) at 10:56, Zac Dalpe (Stf) for Hooking (Minor) at 15:03, Jayson Megna (Stf) for Interference (Minor) at 15:58, Julian Melchiori (Stf) for Tripping (Minor) at 16:05, Curtis Lazar (Lon) for Hooking (Minor) at 18:55

3rd period

9. Rafales , James Sheppard 9 (Brian Ferlin 10, Zac Dalpe 18) at 0:16 (PP)
10. Knights , Tony DeAngelo 3 (Scott Wilson 1) at 9:54 (PP)
11. Knights , Dwight King 13 (Iiro Pakarinen 19, Jesse Graham 1) at 13:01
12. Rafales , James Sheppard 10 (Zac Dalpe 19, Connor Murphy 19) at 13:18
13. Rafales , Connor Murphy 3 (Zac Dalpe 20, Sean Maguire) at 16:36 (PP)
14. Rafales , Garret Ross 10 (Andrew Shaw 25, Julian Melchiori 9) at 17:57 (PP)

Penalties :
Dwight King (Lon) for Hooking (Minor) at 0:28, Zac Dalpe (Stf) for Tripping (Minor) at 0:51, Zac Dalpe (Stf) for Goalie Interference (Minor) at 3:25, Julian Melchiori (Stf) for Holding Stick (Minor) at 8:28, Cade Fairchild (Stf) for Roughing (Minor) at 14:09, Nicolas Petan (Lon) for Hooking (Minor) at 14:44, Tony DeAngelo (Lon) for Slashing (Minor) at 17:06, Josh Bailey (Lon) for Hooking (Minor) at 18:46

Goalie Stats

Magnus Hellberg (Lon), 28 saves from 33 shots - (0.848), W, 8-4-0, 60:00 minutes
Sean Maguire (Stf), 7 saves from 12 shots - (0.583), 35:47 minutes
Leland Irving (Stf), 6 saves from 10 shots - (0.600), L, 9-12-2, 24:13 minutes

Players Stats for Knights

Player Name              G  A  P  +/- PIM S  H  SB GA TA FO     MP     PP MP  PK MP  
------------------------------------------------------------------------------------
Alan Quine               1  0  1   1  0   1  2  0  0  0  1/2     6:33   0:00   0:00 
Alexandre Carrier        0  0  0   1  0   0  0  1  0  0  0/0     5:14   0:00   0:00 
Brendan Gaunce           1  1  2   2  0   1  1  0  1  0  10/19  19:28   7:52   0:10 
Curtis Lazar             1  0  1   2  2   2  0  0  0  0  2/4     7:30   0:00   0:00 
Dominik Kahun            0  0  0   0  0   0  0  0  0  0  1/1     2:02   0:00   1:32 
Dwight King              3  1  4   2  2   5  0  0  1  0  8/12   23:51   7:52   3:46 
Iiro Pakarinen           0  4  4   2  0   1  3  1  1  0  5/5    25:24   7:52   4:09 
Jeff Petry               0  0  0  -1  0   0  2  0  0  1  0/0    28:12   9:08   4:11 
Jesse Graham             0  1  1   1  0   0  0  1  0  0  0/0     5:14   0:00   0:00 
Jordan Martinook         1  0  1  -1  2   2  3  0  0  0  0/0    17:56   6:41   0:59 
Josh Bailey              0  1  1  -1  2   2  5  0  3  1  0/0    17:51   6:41   1:02 
Ludwig Bystrom           0  1  1   2  0   0  0  0  0  0  0/0     7:50   0:00   0:00 
Mackenzie MacEachern     0  0  0   0  0   0  0  0  0  0  0/0     0:00   0:00   0:00 
Martin Frk               0  1  1   1  0   0  1  0  1  0  0/0     6:33   0:00   0:00 
Matthew Benning          0  0  0   2  0   0  0  0  0  0  0/0     7:50   0:00   0:00 
Nathan Walker            0  1  1   1  0   1  0  0  0  0  0/0     6:33   0:00   0:00 
Nicklas Jensen           0  0  0   0  0   0  0  0  0  0  0/0     1:29   0:25   0:00 
Nicolas Petan            0  1  1  -1  2   1  0  0  0  0  4/13   16:24   6:40   0:00 
Nikolaj Ehlers           1  0  1   2  0   2  1  1  0  0  0/0     7:31   0:00   0:00 
Oskar Lindblom           0  0  0   0  0   0  0  0  0  0  0/0     0:00   0:00   0:00 
Scott Wilson             0  1  1   0  0   0  1  0  0  0  1/3     3:03   0:25   0:52 
Tony DeAngelo            1  0  1   2  2   1  1  0  0  1  0/0    18:43   5:50   2:04 
Troy Stetcher            0  1  1  -1  0   2  2  3  1  0  0/0    28:12   9:08   4:11 
Vince Hinostroza         0  2  2   2  0   1  1  1  1  0  0/0     8:32   0:25   0:00 
Vladislav Gavrikov       0  0  0   2  0   0  1  2  0  2  0/0    18:44   5:50   2:04 

Players Stats for Rafales

Player Name              G  A  P  +/- PIM S  H  SB GA TA FO     MP     PP MP  PK MP  
------------------------------------------------------------------------------------
Alexander Yelesin        0  0  0   0  0   0  2  1  0  0  0/0     6:43   0:00   0:00 
Andrew Shaw              0  1  1  -1  0   3  2  1  1  0  0/0    14:06   2:43   0:00 
Ben Thomson              0  0  0   1  2   1  1  0  0  0  0/0    11:59   0:00   1:47 
Borna Rendulic           0  0  0  -2  0   3  0  0  0  0  0/0     5:55   0:00   0:00 
Brian Ferlin             0  1  1  -2  2   2  3  2  1  0  3/9    22:31   3:32   7:24 
Cade Fairchild           0  1  1  -3  2   0  1  0  0  2  0/0    21:21   2:05   5:18 
Connor Murphy            1  1  2  -1  4   5  2  1  0  1  0/0    28:39   4:38   7:07 
Gabriel Carlsson         0  0  0   0  0   0  1  0  0  1  0/0    19:36   1:37   7:45 
Garret Ross              1  0  1  -1  0   5  1  0  1  0  0/0    12:19   2:15   1:07 
James Livingstone        0  0  0   1  0   1  1  0  1  1  0/0     7:36   0:00   0:00 
James Sheppard           2  0  2  -2  0   3  5  0  0  0  0/1    19:52   3:32   4:44 
Jayson Megna             0  0  0  -1  2   2  1  0  0  0  8/16   19:58   2:15   7:39 
Joe Labate               1  0  1   1  0   2  1  0  0  0  3/5    11:00   0:00   3:08 
Julian Melchiori         0  1  1   0  4   2  2  0  0  2  0/0    28:08   4:38   7:10 
Pavel Kraskovsky         0  0  0  -2  0   0  0  0  0  0  2/3     7:47   0:00   0:15 
Slater Koekkoek          0  0  0  -4  0   0  0  2  0  0  0/0    16:12   0:00   2:35 
Tyrell Goulbourne        0  0  0  -2  0   0  0  0  0  1  0/0     6:26   0:00   0:10 
Zac Dalpe                0  3  3  -2  6   4  2  0  1  1  11/25  21:30   3:59   3:29 

3 Stars

1 - Dwight King (Lon)
2 - Iiro Pakarinen (Lon)
3 - Brendan Gaunce (Lon)

Power Play

Knights - 3 on 11 Attempt(s) - 27.27%
Rafales - 3 on 6 Attempt(s) - 50.00%

Penalty Kill

Knights - 3 on 6 Attempt(s) - 50.00% - Score 0 goal in Penalty Kill
Rafales - 8 on 11 Attempt(s) - 72.73% - Score 0 goal in Penalty Kill

Team Stat

Knights - Hits : 24 - Faceoff Wins : 32 - Blocked Shots : 10 - Penalty Minutes : 12
Rafales - Hits : 25 - Faceoff Wins : 27 - Blocked Shots : 7 - Penalty Minutes : 22

Official

Referees : Unknown
Linesman : Unknown

Game Notes

Leland Irving enters game at 5:41 of 2nd period
Sean Maguire enters game at 9:54 of 3rd period
Dwight King has scored a Hat Trick!

Finance

Level 1 -- Attendance: 1354 (67.70%) -- Ticket Income $54,160
Level 2 -- Attendance: 698 (69.80%) -- Ticket Income $13,960
Total Attendance: 2052 (68.40%)
Total Ticket Income: $68,120
Other Income: $3,406
Total Income: $71,526

Knights

5 vs 5 Forward 
   Center                   Left Wing                Right Wing               Time % Phy DF OF 
 1 Brendan Gaunce           Dwight King              Iiro Pakarinen           40     1   2  2  
 2 Nicolas Petan            Jordan Martinook         Josh Bailey              30     1   2  2  
 3 Curtis Lazar             Nikolaj Ehlers           Vince Hinostroza         20     1   2  2  
 4 Alan Quine               Nathan Walker            Martin Frk               10     1   2  2  

5 vs 5 Defense 
   Defense                  Defense                                           Time % Phy DF OF 
 1 Jeff Petry               Troy Stetcher                                     40     1   2  2  
 2 Tony DeAngelo            Vladislav Gavrikov                                30     1   2  2  
 3 Ludwig Bystrom           Matthew Benning                                   20     1   2  2  
 4 Alexandre Carrier        Jesse Graham                                      10     1   2  2  

PowerPlay Forward 
   Center                   Left Wing                Right Wing               Time % Phy DF OF 
 1 Brendan Gaunce           Dwight King              Iiro Pakarinen           60     1   2  2  
 2 Nicolas Petan            Jordan Martinook         Josh Bailey              40     1   2  2  

PowerPlay Defense
   Defense                  Defense                                           Time % Phy DF OF 
 1 Jeff Petry               Troy Stetcher                                     60     1   2  2  
 2 Tony DeAngelo            Vladislav Gavrikov                                40     1   2  2  

Penalty Kill 4 Players Forward 
   Center                   Wing                     Time % Phy DF OF 
 1 Dwight King              Iiro Pakarinen           60     1   2  2  
 2 Josh Bailey              Jordan Martinook         40     1   2  2  

Penalty Kill 4 Players Defense
   Defense                  Defense                  Time % Phy DF OF 
 1 Jeff Petry               Troy Stetcher            60     1   2  2  
 2 Tony DeAngelo            Vladislav Gavrikov       40     1   2  2  

Penalty Kill - 3 Players Forward 
   Forward                                           Time % Phy DF OF 
 1 Dwight King                                       60     1   2  2  
 2 Iiro Pakarinen                                    40     1   2  2  

Penalty Kill - 3 Players Defense
   Defense                  Defense                  Time % Phy DF OF 
 1 Jeff Petry               Troy Stetcher            60     1   2  2  
 2 Tony DeAngelo            Vladislav Gavrikov       40     1   2  2  

4 vs 4 Forward 
   Center                   Wing                     Time % Phy DF OF 
 1 Dwight King              Iiro Pakarinen           60     1   2  2  
 2 Josh Bailey              Jordan Martinook         40     1   2  2  

4 vs 4 Defense
   Defense                  Defense                  Time % Phy DF OF 
 1 Jeff Petry               Troy Stetcher            60     1   2  2  
 2 Tony DeAngelo            Vladislav Gavrikov       40     1   2  2  

Last Minutes Offensive
   Center                   Left Wing                Right Wing               Defense                  Defense                  
   Brendan Gaunce           Dwight King              Iiro Pakarinen           Jeff Petry               Troy Stetcher            

Last Minutes Defensive
   Center                   Left Wing                Right Wing               Defense                  Defense                  
   Brendan Gaunce           Dwight King              Iiro Pakarinen           Jeff Petry               Troy Stetcher            

Goaltenders
Starting : Magnus Hellberg          
Backup : Elvis Merzlikins         

Extra Forwards
Normal : Scott Wilson, Nicklas Jensen, Dominik Kahun - PP : Scott Wilson, Nicklas Jensen - PK : Dominik Kahun
Extra Defensemen
Normal : Ludwig Bystrom, Matthew Benning, Alexandre Carrier - PP : Ludwig Bystrom - PK : Matthew Benning, Alexandre Carrier
Penalty Shots
Dwight King, Iiro Pakarinen, Josh Bailey, Jordan Martinook, Vince Hinostroza

Scratches
John Marino (Healthy), Jeremy Bracco (Healthy), Mitchell Stephens (Healthy), Sami Niku (Healthy), Miro Aaltonen (Back Injury)
David Kase (Healthy), Jayce Hawryluk (Healthy), Nikolay Goldobin (Sprained Left Finger Injury), Ryan Collins (Healthy), William Lagesson (Healthy)
Joey Daccord (Healthy), Philippe Desrosiers (Healthy)

Rafales

5 vs 5 Forward 
   Center                   Left Wing                Right Wing               Time % Phy DF OF 
 1 Zac Dalpe                James Sheppard           Brian Ferlin             40     1   1  3  
 2 Jayson Megna             Garret Ross              Andrew Shaw              30     2   1  2  
 3 Joe Labate               Ben Thomson              James Livingstone        20     1   1  3  
 4 Pavel Kraskovsky         Tyrell Goulbourne        Borna Rendulic           10     1   2  2  

5 vs 5 Defense 
   Defense                  Defense                                           Time % Phy DF OF 
 1 Connor Murphy            Julian Melchiori                                  40     1   1  3  
 2 Slater Koekkoek          Cade Fairchild                                    30     1   2  2  
 3 Alexander Yelesin        Gabriel Carlsson                                  20     1   2  2  
 4 Cade Fairchild           Gabriel Carlsson                                  10     1   1  3  

PowerPlay Forward 
   Center                   Left Wing                Right Wing               Time % Phy DF OF 
 1 Zac Dalpe                James Sheppard           Brian Ferlin             60     0   1  4  
 2 Jayson Megna             Garret Ross              Andrew Shaw              40     1   0  4  

PowerPlay Defense
   Defense                  Defense                                           Time % Phy DF OF 
 1 Connor Murphy            Julian Melchiori                                  60     1   1  3  
 2 Cade Fairchild           Gabriel Carlsson                                  40     1   1  3  

Penalty Kill 4 Players Forward 
   Center                   Wing                     Time % Phy DF OF 
 1 Jayson Megna             Brian Ferlin             60     3   2  0  
 2 Zac Dalpe                James Sheppard           40     1   3  1  

Penalty Kill 4 Players Defense
   Defense                  Defense                  Time % Phy DF OF 
 1 Connor Murphy            Julian Melchiori         60     2   2  1  
 2 Cade Fairchild           Gabriel Carlsson         40     1   3  1  

Penalty Kill - 3 Players Forward 
   Forward                                           Time % Phy DF OF 
 1 Jayson Megna                                      60     3   2  0  
 2 Andrew Shaw                                       40     1   3  1  

Penalty Kill - 3 Players Defense
   Defense                  Defense                  Time % Phy DF OF 
 1 Connor Murphy            Julian Melchiori         60     2   3  0  
 2 Cade Fairchild           Gabriel Carlsson         40     1   4  0  

4 vs 4 Forward 
   Center                   Wing                     Time % Phy DF OF 
 1 Zac Dalpe                Andrew Shaw              60     1   2  2  
 2 Jayson Megna             James Sheppard           40     1   2  2  

4 vs 4 Defense
   Defense                  Defense                  Time % Phy DF OF 
 1 Connor Murphy            Julian Melchiori         60     1   2  2  
 2 Cade Fairchild           Gabriel Carlsson         40     1   2  2  

Last Minutes Offensive
   Center                   Left Wing                Right Wing               Defense                  Defense                  
   Zac Dalpe                James Sheppard           Andrew Shaw              Connor Murphy            Julian Melchiori         

Last Minutes Defensive
   Center                   Left Wing                Right Wing               Defense                  Defense                  
   Zac Dalpe                James Sheppard           Andrew Shaw              Connor Murphy            Julian Melchiori         

Goaltenders
Starting : Sean Maguire             
Backup : Leland Irving            

Extra Forwards
Normal : Andrew Shaw, Brian Ferlin, Zac Dalpe - PP : Andrew Shaw, Brian Ferlin - PK : Brian Ferlin
Extra Defensemen
Normal : Connor Murphy, Gabriel Carlsson, Julian Melchiori - PP : Connor Murphy - PK : Gabriel Carlsson, Cade Fairchild
Penalty Shots
Andrew Shaw, Zac Dalpe, Brian Ferlin, James Sheppard, James Livingstone

Scratches
Ryan Bourque (Healthy), Ben Johnson (Healthy), Blake Speers (Healthy), Brad Ross (Healthy), Dylan McIlrath (Strained Right Knee Injury)
David Broll (Healthy), Joey Laleggia (Left Foot Injury), Chris Driedger (Healthy)

% Time on Ice - Knights

Lines # - Real PCT - Wanted PCT - Time Play
Normal Forward
1 - 33% - 40% - 11:41
2 - 28% - 30% - 10:02
3 - 21% - 20% - 7:31
4 - 18% - 10% - 6:33
Normal Defense
1 - 36% - 40% - 12:53
2 - 27% - 30% - 9:50
3 - 22% - 20% - 7:50
4 - 15% - 10% - 5:14
PP Forward
1 - 53% - 60% - 7:59
2 - 47% - 40% - 6:59
PP Defense
1 - 61% - 60% - 9:08
2 - 39% - 40% - 5:50
PK Forward
1 - 76% - 60% - 4:45
2 - 24% - 40% - 1:30
PK Defense
1 - 67% - 60% - 4:11
2 - 33% - 40% - 2:04
PK3 Forward
1 - 0% - 60%
2 - 0% - 40%
PK3 Defense
1 - 0% - 60%
2 - 0% - 40%
44 Forward
1 - 86% - 60% - 2:35
2 - 14% - 40% - 0:25
44 Defense
1 - 67% - 60% - 2:00
2 - 33% - 40% - 1:00
Last Minute Offensive  - 0:00
Last Minute Defensive  - 0:00
Total
Forward - 60:00
Defense - 60:00

% Time on Ice - Rafales

Lines # - Real PCT - Wanted PCT - Time Play
Normal Forward
1 - 35% - 40% - 12:30
2 - 27% - 30% - 9:46
3 - 21% - 20% - 7:36
4 - 17% - 10% - 5:55
Normal Defense
1 - 45% - 40% - 16:01
2 - 32% - 30% - 11:28
3 - 19% - 20% - 6:43
4 - 4% - 10% - 1:35
PP Forward
1 - 64% - 60% - 4:00
2 - 36% - 40% - 2:15
PP Defense
1 - 74% - 60% - 4:38
2 - 26% - 40% - 1:37
PK Forward
1 - 68% - 60% - 10:01
2 - 32% - 40% - 4:44
PK Defense
1 - 79% - 60% - 11:37
2 - 21% - 40% - 3:08
PK3 Forward
1 - 100% - 60% - 0:13
2 - 0% - 40% - 0:00
PK3 Defense
1 - 100% - 60% - 0:13
2 - 0% - 40% - 0:00
44 Forward
1 - 85% - 60% - 2:33
2 - 15% - 40% - 0:27
44 Defense
1 - 68% - 60% - 2:02
2 - 32% - 40% - 0:58
Last Minute Offensive  - 0:00
Last Minute Defensive  - 0:00
Total
Forward - 60:00
Defense - 60:00

Play-by-Play

1st period


0:01 of 1st period - Brendan Gaunce wins face-off versus Zac Dalpe in neutral zone.
0:04 of 1st period - Zac Dalpe is hit by Iiro Pakarinen and loses puck.
0:15 of 1st period - Snap shot by Zac Dalpe.
0:15 of 1st period - Shot Misses the Net.
0:52 of 1st period - Vladislav Gavrikov is hit by Ben Thomson and loses puck.
0:59 of 1st period - Slapshot by James Livingstone.
0:59 of 1st period - Shot Blocked by Vince Hinostroza.
1:01 of 1st period - Slapshot by Connor Murphy.
1:01 of 1st period - Stopped by Magnus Hellberg with a rebound.
1:03 of 1st period - Slapshot by Connor Murphy.
1:03 of 1st period - Stopped by Magnus Hellberg with a rebound.
1:05 of 1st period - Snap shot by Ben Thomson.
1:05 of 1st period - Shot Blocked by Vladislav Gavrikov.
2:07 of 1st period - Wrist shot by Jordan Martinook.
2:07 of 1st period - Shot Blocked by Alexander Yelesin.
2:43 of 1st period - Jesse Graham is hit by Brian Ferlin.
2:47 of 1st period - Snap shot by James Sheppard.
2:47 of 1st period - Shot Blocked by Alexandre Carrier.
4:09 of 1st period - Brian Ferlin is hit by Vince Hinostroza and loses puck.
4:30 of 1st period - Slater Koekkoek is hit by Alan Quine and loses puck.
4:51 of 1st period - Alan Quine is hit by Alexander Yelesin and loses puck.
5:27 of 1st period - Nicolas Petan is hit by Brian Ferlin and loses puck.
5:34 of 1st period - Wrist shot by Zac Dalpe.
5:34 of 1st period - Shot Hit the Post.
5:50 of 1st period - Vince Hinostroza is hit by Joe Labate and loses puck.
6:27 of 1st period - Julian Melchiori is hit by Jordan Martinook.
7:07 of 1st period - Snap shot by Nathan Walker.
7:07 of 1st period - Stopped by Sean Maguire without a rebound.
7:08 of 1st period - Alan Quine wins face-off versus Zac Dalpe in Rafales zone.
7:19 of 1st period - Wrist shot by Alan Quine.
7:19 of 1st period - Goal by Alan Quine - Knights : 1 - Rafales : 0.
7:20 of 1st period - Iiro Pakarinen wins face-off versus Brian Ferlin in neutral zone.
7:25 of 1st period - Snap shot by Brendan Gaunce.
7:25 of 1st period - Goal by Brendan Gaunce - Knights : 2 - Rafales : 0.
7:26 of 1st period - Zac Dalpe wins face-off versus Brendan Gaunce in neutral zone.
7:51 of 1st period - Jeff Petry is hit by Andrew Shaw and loses puck.
8:01 of 1st period - Icing by Josh Bailey.
8:02 of 1st period - Joe Labate wins face-off versus Nicolas Petan in Knights zone.
9:11 of 1st period - Wrist shot by Martin Frk.
9:11 of 1st period - Shot Misses the Net.
9:13 of 1st period - Slapshot by Ludwig Bystrom.
9:13 of 1st period - Shot Misses the Net.
9:45 of 1st period - Wrist shot by Borna Rendulic.
9:45 of 1st period - Stopped by Magnus Hellberg without a rebound.
9:46 of 1st period - Zac Dalpe wins face-off versus Nicolas Petan in Knights zone.
9:58 of 1st period - Brian Ferlin is hit by Josh Bailey and loses puck.
11:04 of 1st period - Snap shot by Vince Hinostroza.
11:04 of 1st period - Stopped by Sean Maguire without a rebound.
11:05 of 1st period - Jayson Megna wins face-off versus Dwight King in Rafales zone.
11:49 of 1st period - Slapshot by Connor Murphy.
11:49 of 1st period - Deflect By Ben Thomson.
11:49 of 1st period - Shot Misses the Net.
11:49 of 1st period - Puck is out of play.
11:50 of 1st period - Joe Labate wins face-off versus Alan Quine in Knights zone.
12:23 of 1st period - Snap shot by Andrew Shaw.
12:23 of 1st period - Stopped by Magnus Hellberg with a rebound.
12:25 of 1st period - Wrist shot by Jayson Megna.
12:25 of 1st period - Stopped by Magnus Hellberg with a rebound.
12:27 of 1st period - Wrist shot by Garret Ross.
12:27 of 1st period - Stopped by Magnus Hellberg with a rebound.
13:11 of 1st period - Snap shot by Dwight King.
13:11 of 1st period - Goal by Dwight King - Knights : 3 - Rafales : 0.
13:12 of 1st period - Zac Dalpe wins face-off versus Brendan Gaunce in neutral zone.
13:19 of 1st period - Wrist shot by Brian Ferlin.
13:19 of 1st period - Stopped by Magnus Hellberg without a rebound.
13:20 of 1st period - Brendan Gaunce wins face-off versus Brian Ferlin in Knights zone.
13:33 of 1st period - Wrist shot by Zac Dalpe.
13:33 of 1st period - Shot Misses the Net.
13:35 of 1st period - Slapshot by Zac Dalpe.
13:35 of 1st period - Stopped by Magnus Hellberg without a rebound.
13:36 of 1st period - Nicolas Petan wins face-off versus Jayson Megna in Knights zone.
13:38 of 1st period - Minor Penalty to Jordan Martinook for Hooking.
13:39 of 1st period - Dwight King wins face-off versus Zac Dalpe in Knights zone.
13:39 of 1st period - Dwight King is hit by James Sheppard.
13:44 of 1st period - Slapshot by Iiro Pakarinen.
13:44 of 1st period - Shot Misses the Net.
14:12 of 1st period - Dwight King is hit by Connor Murphy and loses puck.
15:38 of 1st period - Penalty to Jordan Martinook is over, Jordan Martinook is back on ice.
15:59 of 1st period - Snap shot by James Livingstone.
15:59 of 1st period - Deflect By Vince Hinostroza.
15:59 of 1st period - Stopped by Magnus Hellberg without a rebound.
16:00 of 1st period - Pavel Kraskovsky wins face-off versus Nicolas Petan in Knights zone.
16:33 of 1st period - Wrist shot by Dwight King.
16:33 of 1st period - Shot Misses the Net.
16:47 of 1st period - Minor Penalty to Brian Ferlin for Hooking.
16:48 of 1st period - Brendan Gaunce wins face-off versus Jayson Megna in Rafales zone.
18:47 of 1st period - Penalty to Brian Ferlin is over, Brian Ferlin is back on ice.
19:21 of 1st period - Wrist shot by Nathan Walker.
19:21 of 1st period - Shot Misses the Net.
19:35 of 1st period - Nathan Walker is hit by James Sheppard and loses puck.
19:51 of 1st period - Ludwig Bystrom is hit by James Livingstone and loses puck.
Goals for this period are 3 for Knights vs 0 for Rafales.
Shots for this period are 5 for Knights vs 9 for Rafales.

2nd period


0:01 of 2nd period - Zac Dalpe wins face-off versus Brendan Gaunce in neutral zone.
0:08 of 2nd period - Snap shot by Dwight King.
0:08 of 2nd period - Stopped by Sean Maguire with a rebound.
0:14 of 2nd period - Snap shot by Dwight King.
0:14 of 2nd period - Shot Misses the Net.
0:31 of 2nd period - Wrist shot by Jordan Martinook.
0:31 of 2nd period - Shot Misses the Net.
0:33 of 2nd period - Wrist shot by Josh Bailey.
0:33 of 2nd period - Shot Misses the Net.
0:35 of 2nd period - Snap shot by Nicolas Petan.
0:35 of 2nd period - Shot Blocked by Slater Koekkoek.
0:37 of 2nd period - Snap shot by Josh Bailey.
0:37 of 2nd period - Shot Misses the Net.
0:51 of 2nd period - Slater Koekkoek is hit by Alan Quine and loses puck.
1:35 of 2nd period - Iiro Pakarinen is hit by Zac Dalpe.
1:41 of 2nd period - Snap shot by Iiro Pakarinen.
1:41 of 2nd period - Shot Misses the Net.
1:43 of 2nd period - Snap shot by Alexandre Carrier.
1:43 of 2nd period - Shot Blocked by Connor Murphy.
1:45 of 2nd period - Snap shot by Brendan Gaunce.
1:45 of 2nd period - Shot Blocked by Brian Ferlin.
1:51 of 2nd period - Minor Penalty to Connor Murphy for Holding.
1:52 of 2nd period - Jayson Megna wins face-off versus Brendan Gaunce in Rafales zone.
2:17 of 2nd period - Jeff Petry is hit by James Sheppard and loses puck.
2:46 of 2nd period - Jayson Megna is hit by Iiro Pakarinen and loses puck.
2:58 of 2nd period - Icing by Brendan Gaunce.
2:59 of 2nd period - Dwight King wins face-off versus Zac Dalpe in Knights zone.
3:51 of 2nd period - Penalty to Connor Murphy is over, Connor Murphy is back on ice.
4:08 of 2nd period - Ludwig Bystrom is hit by Connor Murphy and loses puck.
4:18 of 2nd period - Icing by Nikolaj Ehlers.
4:19 of 2nd period - Curtis Lazar wins face-off versus Pavel Kraskovsky in Knights zone.
4:26 of 2nd period - Slapshot by Nikolaj Ehlers.
4:26 of 2nd period - Stopped by Sean Maguire with a rebound.
5:05 of 2nd period - Zac Dalpe is hit by Josh Bailey and loses puck.
5:31 of 2nd period - Snap shot by Curtis Lazar.
5:31 of 2nd period - Stopped by Sean Maguire without a rebound.
5:32 of 2nd period - Curtis Lazar wins face-off versus Jayson Megna in Rafales zone.
5:35 of 2nd period - Wrist shot by Vince Hinostroza.
5:35 of 2nd period - Shot Blocked by Andrew Shaw.
5:37 of 2nd period - Slapshot by Vince Hinostroza.
5:37 of 2nd period - Shot Misses the Net.
5:39 of 2nd period - Slapshot by Ludwig Bystrom.
5:39 of 2nd period - Shot Misses the Net.
5:41 of 2nd period - Wrist shot by Curtis Lazar.
5:41 of 2nd period - Goal by Curtis Lazar - Knights : 4 - Rafales : 0.
5:41 of 2nd period - Leland Irving enters game.
5:42 of 2nd period - Iiro Pakarinen wins face-off versus Brian Ferlin in neutral zone.
5:45 of 2nd period - Connor Murphy is hit by Jeff Petry and loses puck.
6:13 of 2nd period - Jeff Petry is hit by Andrew Shaw and loses puck.
6:34 of 2nd period - Wrist shot by Joe Labate.
6:34 of 2nd period - Stopped by Magnus Hellberg with a rebound.
6:52 of 2nd period - Slater Koekkoek is hit by Tony DeAngelo and loses puck.
7:05 of 2nd period - Snap shot by Martin Frk.
7:05 of 2nd period - Shot Hit the Post.
7:19 of 2nd period - James Sheppard is hit by Brendan Gaunce and loses puck.
7:26 of 2nd period - Slapshot by Zac Dalpe.
7:26 of 2nd period - Stopped by Magnus Hellberg with a rebound.
7:48 of 2nd period - Jesse Graham is hit by Garret Ross and loses puck.
8:07 of 2nd period - Slapshot by Joe Labate.
8:07 of 2nd period - Goal by Joe Labate - Knights : 4 - Rafales : 1.
8:08 of 2nd period - Zac Dalpe wins face-off versus Brendan Gaunce in neutral zone.
8:11 of 2nd period - Snap shot by Connor Murphy.
8:11 of 2nd period - Stopped by Magnus Hellberg with a rebound.
8:28 of 2nd period - Minor Penalty to Connor Murphy for Slashing.
8:29 of 2nd period - Brendan Gaunce wins face-off versus Jayson Megna in Rafales zone.
9:54 of 2nd period - Ben Thomson is hit by Josh Bailey and loses puck.
10:28 of 2nd period - Penalty to Connor Murphy is over, Connor Murphy is back on ice.
10:43 of 2nd period - Snap shot by Borna Rendulic.
10:43 of 2nd period - Stopped by Magnus Hellberg with a rebound.
10:56 of 2nd period - Minor Penalty to Ben Thomson for Hooking.
10:57 of 2nd period - Brendan Gaunce wins face-off versus Jayson Megna in Rafales zone.
11:49 of 2nd period - Snap shot by Jayson Megna.
11:49 of 2nd period - Stopped by Magnus Hellberg with a rebound.
12:27 of 2nd period - Connor Murphy is hit by Troy Stetcher and loses puck.
12:55 of 2nd period - Julian Melchiori is hit by Vladislav Gavrikov and loses puck.
12:56 of 2nd period - Penalty to Ben Thomson is over, Ben Thomson is back on ice.
13:00 of 2nd period - Snap shot by Scott Wilson.
13:00 of 2nd period - Shot Misses the Net.
13:20 of 2nd period - Zac Dalpe is hit by Martin Frk.
13:40 of 2nd period - Curtis Lazar is hit by Gabriel Carlsson and loses puck.
13:57 of 2nd period - Slapshot by Cade Fairchild.
13:57 of 2nd period - Shot Misses the Net.
14:40 of 2nd period - Icing by Curtis Lazar.
14:41 of 2nd period - Nicolas Petan wins face-off versus Joe Labate in Knights zone.
14:41 of 2nd period - Nicolas Petan is hit by Alexander Yelesin.
14:47 of 2nd period - Slapshot by Jordan Martinook.
14:47 of 2nd period - Shot Misses the Net.
14:49 of 2nd period - Wrist shot by Nicolas Petan.
14:49 of 2nd period - Stopped by Leland Irving with a rebound.
14:51 of 2nd period - Slapshot by Vladislav Gavrikov.
14:51 of 2nd period - Shot Misses the Net.
14:53 of 2nd period - Wrist shot by Josh Bailey.
14:53 of 2nd period - Stopped by Leland Irving with a rebound.
14:55 of 2nd period - Wrist shot by Nicolas Petan.
14:55 of 2nd period - Deflect By James Livingstone.
14:55 of 2nd period - Shot Misses the Net.
14:55 of 2nd period - Puck is out of play.
14:56 of 2nd period - Iiro Pakarinen wins face-off versus Zac Dalpe in Rafales zone.
15:01 of 2nd period - Snap shot by Iiro Pakarinen.
15:01 of 2nd period - Shot Misses the Net.
15:03 of 2nd period - Minor Penalty to Zac Dalpe for Hooking.
15:04 of 2nd period - Jayson Megna wins face-off versus Brendan Gaunce in Rafales zone.
15:36 of 2nd period - Snap shot by Jordan Martinook.
15:36 of 2nd period - Goal by Jordan Martinook - Knights : 5 - Rafales : 1.
15:37 of 2nd period - Brendan Gaunce wins face-off versus Zac Dalpe in neutral zone.
15:40 of 2nd period - Connor Murphy is hit by Jeff Petry and loses puck.
15:53 of 2nd period - Wrist shot by Iiro Pakarinen.
15:53 of 2nd period - Stopped by Leland Irving without a rebound.
15:54 of 2nd period - Nicolas Petan wins face-off versus Jayson Megna in Rafales zone.
15:58 of 2nd period - Minor Penalty to Jayson Megna for Interference.
15:59 of 2nd period - Iiro Pakarinen wins face-off versus Joe Labate in Rafales zone.
16:05 of 2nd period - Minor Penalty to Julian Melchiori for Tripping.
16:06 of 2nd period - Brendan Gaunce wins face-off versus Brian Ferlin in Rafales zone.
16:08 of 2nd period - Slapshot by Dwight King.
16:08 of 2nd period - Shot Misses the Net.
16:10 of 2nd period - Snap shot by Dwight King.
16:10 of 2nd period - Shot Misses the Net.
16:18 of 2nd period - Slapshot by Troy Stetcher.
16:18 of 2nd period - Deflect By Dwight King.
16:18 of 2nd period - Goal by Dwight King - Knights : 6 - Rafales : 1.
16:19 of 2nd period - Jayson Megna wins face-off versus Brendan Gaunce in neutral zone.
17:50 of 2nd period - Joe Labate is hit by Josh Bailey and loses puck.
18:05 of 2nd period - Penalty to Julian Melchiori is over, Julian Melchiori is back on ice.
18:22 of 2nd period - Snap shot by Borna Rendulic.
18:22 of 2nd period - Stopped by Magnus Hellberg with a rebound.
18:28 of 2nd period - Wrist shot by Nikolaj Ehlers.
18:28 of 2nd period - Goal by Nikolaj Ehlers - Knights : 7 - Rafales : 1.
18:29 of 2nd period - Zac Dalpe wins face-off versus Nicolas Petan in neutral zone.
18:32 of 2nd period - Tony DeAngelo is hit by James Sheppard.
18:42 of 2nd period - Wrist shot by Josh Bailey.
18:42 of 2nd period - Stopped by Leland Irving with a rebound.
18:55 of 2nd period - Minor Penalty to Curtis Lazar for Hooking.
18:56 of 2nd period - Dwight King wins face-off versus James Sheppard in Knights zone.
19:06 of 2nd period - Off-side.
19:07 of 2nd period - Dwight King wins face-off versus Zac Dalpe in neutral zone.
Goals for this period are 4 for Knights vs 1 for Rafales.
Shots for this period are 11 for Knights vs 7 for Rafales.

3rd period


0:01 of 3rd period - Zac Dalpe wins face-off versus Dwight King in neutral zone.
0:14 of 3rd period - Wrist shot by Brian Ferlin.
0:14 of 3rd period - Shot Blocked by Troy Stetcher.
0:16 of 3rd period - Wrist shot by James Sheppard.
0:16 of 3rd period - Goal by James Sheppard - Knights : 7 - Rafales : 2.
0:17 of 3rd period - Brendan Gaunce wins face-off versus Zac Dalpe in neutral zone.
0:26 of 3rd period - Slapshot by Brian Ferlin.
0:26 of 3rd period - Shot Misses the Net.
0:28 of 3rd period - Minor Penalty to Dwight King for Hooking.
0:29 of 3rd period - Dominik Kahun wins face-off versus Zac Dalpe in Knights zone.
0:29 of 3rd period - Dominik Kahun is hit by Julian Melchiori.
0:51 of 3rd period - Minor Penalty to Zac Dalpe for Tripping.
0:52 of 3rd period - Brian Ferlin wins face-off versus Scott Wilson in Rafales zone.
0:59 of 3rd period - Icing by Jeff Petry.
1:00 of 3rd period - Brian Ferlin wins face-off versus Scott Wilson in Knights zone.
1:12 of 3rd period - Slapshot by Connor Murphy.
1:12 of 3rd period - Shot Blocked by Troy Stetcher.
1:14 of 3rd period - Wrist shot by Andrew Shaw.
1:14 of 3rd period - Stopped by Magnus Hellberg without a rebound.
1:15 of 3rd period - Scott Wilson wins face-off versus Brian Ferlin in Knights zone.
1:42 of 3rd period - Troy Stetcher is hit by Jayson Megna and loses puck.
2:28 of 3rd period - Penalty to Dwight King is over, Dwight King is back on ice.
2:49 of 3rd period - Jayson Megna is hit by Iiro Pakarinen and loses puck.
2:51 of 3rd period - Penalty to Zac Dalpe is over, Zac Dalpe is back on ice.
3:25 of 3rd period - Minor Penalty to Zac Dalpe for Goalie Interference.
3:26 of 3rd period - Brendan Gaunce wins face-off versus Jayson Megna in Rafales zone.
3:53 of 3rd period - Jayson Megna is hit by Jordan Martinook and loses puck.
5:20 of 3rd period - Vladislav Gavrikov is hit by Cade Fairchild and loses puck.
5:25 of 3rd period - Penalty to Zac Dalpe is over, Zac Dalpe is back on ice.
5:58 of 3rd period - Brendan Gaunce is hit by Julian Melchiori.
6:27 of 3rd period - Snap shot by Zac Dalpe.
6:27 of 3rd period - Shot Misses the Net.
7:01 of 3rd period - Snap shot by Ben Thomson.
7:01 of 3rd period - Stopped by Magnus Hellberg without a rebound.
7:02 of 3rd period - Jayson Megna wins face-off versus Nicolas Petan in Knights zone.
7:11 of 3rd period - Wrist shot by Garret Ross.
7:11 of 3rd period - Stopped by Magnus Hellberg with a rebound.
7:15 of 3rd period - Wrist shot by Garret Ross.
7:15 of 3rd period - Stopped by Magnus Hellberg without a rebound.
7:16 of 3rd period - Nicolas Petan wins face-off versus Jayson Megna in Knights zone.
7:29 of 3rd period - Wrist shot by Josh Bailey.
7:29 of 3rd period - Deflect By Slater Koekkoek.
7:29 of 3rd period - Shot Misses the Net.
7:29 of 3rd period - Puck is out of play.
7:30 of 3rd period - Jayson Megna wins face-off versus Nicolas Petan in Rafales zone.
7:41 of 3rd period - Slapshot by Garret Ross.
7:41 of 3rd period - Shot Misses the Net.
8:24 of 3rd period - Snap shot by Jordan Martinook.
8:24 of 3rd period - Stopped by Leland Irving with a rebound.
8:26 of 3rd period - Slapshot by Troy Stetcher.
8:26 of 3rd period - Stopped by Leland Irving without a rebound.
8:27 of 3rd period - Zac Dalpe wins face-off versus Curtis Lazar in Rafales zone.
8:27 of 3rd period - Zac Dalpe is hit by Nikolaj Ehlers.
8:28 of 3rd period - Minor Penalty to Julian Melchiori for Holding Stick.
8:29 of 3rd period - Jayson Megna wins face-off versus Nicolas Petan in Rafales zone.
8:50 of 3rd period - Vladislav Gavrikov is hit by Brian Ferlin and loses puck.
9:49 of 3rd period - Joe Labate is hit by Scott Wilson and loses puck.
9:54 of 3rd period - Snap shot by Tony DeAngelo.
9:54 of 3rd period - Goal by Tony DeAngelo - Knights : 8 - Rafales : 2.
9:54 of 3rd period - Sean Maguire enters game.
9:55 of 3rd period - Jayson Megna wins face-off versus Curtis Lazar in neutral zone.
10:22 of 3rd period - Joe Labate is hit by Josh Bailey and loses puck.
11:09 of 3rd period - Alexander Yelesin is hit by Troy Stetcher and loses puck.
11:24 of 3rd period - Snap shot by Garret Ross.
11:24 of 3rd period - Stopped by Magnus Hellberg with a rebound.
12:23 of 3rd period - Snap shot by Andrew Shaw.
12:23 of 3rd period - Stopped by Magnus Hellberg with a rebound.
12:25 of 3rd period - Slapshot by Cade Fairchild.
12:25 of 3rd period - Shot Blocked by Nikolaj Ehlers.
12:27 of 3rd period - Snap shot by Garret Ross.
12:27 of 3rd period - Shot Blocked by Jesse Graham.
12:59 of 3rd period - Backhand shot by Dwight King.
12:59 of 3rd period - Stopped by Sean Maguire with a rebound.
13:01 of 3rd period - Wrist shot by Dwight King.
13:01 of 3rd period - Goal by Dwight King - Knights : 9 - Rafales : 2.
13:02 of 3rd period - Brendan Gaunce wins face-off versus Zac Dalpe in neutral zone.
13:09 of 3rd period - Dwight King is hit by James Sheppard and loses puck.
13:16 of 3rd period - Snap shot by Zac Dalpe.
13:16 of 3rd period - Stopped by Magnus Hellberg with a rebound.
13:18 of 3rd period - Wrist shot by James Sheppard.
13:18 of 3rd period - Goal by James Sheppard - Knights : 9 - Rafales : 3.
13:19 of 3rd period - Dwight King wins face-off versus Zac Dalpe in neutral zone.
14:09 of 3rd period - Minor Penalty to Cade Fairchild for Roughing.
14:10 of 3rd period - Brian Ferlin wins face-off versus Brendan Gaunce in Rafales zone.
14:20 of 3rd period - Snap shot by Iiro Pakarinen.
14:20 of 3rd period - Shot Misses the Net.
14:26 of 3rd period - Snap shot by Brendan Gaunce.
14:26 of 3rd period - Shot Blocked by Brian Ferlin.
14:44 of 3rd period - Minor Penalty to Nicolas Petan for Hooking.
14:45 of 3rd period - Dwight King wins face-off versus Zac Dalpe in Knights zone.
14:45 of 3rd period - Dwight King is hit by Zac Dalpe.
15:28 of 3rd period - Wrist shot by Troy Stetcher.
15:28 of 3rd period - Deflect By James Sheppard.
15:28 of 3rd period - Stopped by Sean Maguire with a rebound.
15:30 of 3rd period - Wrist shot by Jeff Petry.
15:30 of 3rd period - Shot Blocked by Slater Koekkoek.
15:50 of 3rd period - Icing by Jordan Martinook.
15:51 of 3rd period - Iiro Pakarinen wins face-off versus Zac Dalpe in Knights zone.
16:09 of 3rd period - Penalty to Cade Fairchild is over, Cade Fairchild is back on ice.
16:36 of 3rd period - Slapshot by Connor Murphy.
16:36 of 3rd period - Deflect By Jordan Martinook.
16:36 of 3rd period - Goal by Connor Murphy - Knights : 9 - Rafales : 4.
16:37 of 3rd period - Joe Labate wins face-off versus Nicolas Petan in neutral zone.
17:01 of 3rd period - Icing by Jordan Martinook.
17:02 of 3rd period - Pavel Kraskovsky wins face-off versus Nicolas Petan in Knights zone.
17:06 of 3rd period - Minor Penalty to Tony DeAngelo for Slashing.
17:07 of 3rd period - Zac Dalpe wins face-off versus Dwight King in Knights zone.
17:07 of 3rd period - Slapshot by Brian Ferlin.
17:07 of 3rd period - Shot Misses the Net.
17:09 of 3rd period - Slapshot by Julian Melchiori.
17:09 of 3rd period - Stopped by Magnus Hellberg with a rebound.
17:11 of 3rd period - Slapshot by Brian Ferlin.
17:11 of 3rd period - Stopped by Magnus Hellberg with a rebound.
17:13 of 3rd period - Wrist shot by Zac Dalpe.
17:13 of 3rd period - Deflect By James Sheppard.
17:13 of 3rd period - Stopped by Magnus Hellberg with a rebound.
17:15 of 3rd period - Slapshot by Connor Murphy.
17:15 of 3rd period - Stopped by Magnus Hellberg with a rebound.
17:17 of 3rd period - Snap shot by Julian Melchiori.
17:17 of 3rd period - Stopped by Magnus Hellberg without a rebound.
17:18 of 3rd period - Zac Dalpe wins face-off versus Dwight King in Knights zone.
17:19 of 3rd period - Snap shot by Brian Ferlin.
17:19 of 3rd period - Shot Blocked by Troy Stetcher.
17:21 of 3rd period - Snap shot by Zac Dalpe.
17:21 of 3rd period - Stopped by Magnus Hellberg without a rebound.
17:22 of 3rd period - Dwight King wins face-off versus Brian Ferlin in Knights zone.
17:57 of 3rd period - Wrist shot by Garret Ross.
17:57 of 3rd period - Goal by Garret Ross - Knights : 9 - Rafales : 5.
17:58 of 3rd period - Zac Dalpe wins face-off versus Brendan Gaunce in neutral zone.
18:33 of 3rd period - Jayson Megna is hit by Jordan Martinook and loses puck.
18:46 of 3rd period - Minor Penalty to Josh Bailey for Hooking.
18:47 of 3rd period - Dwight King wins face-off versus Zac Dalpe in Knights zone.
18:52 of 3rd period - Snap shot by Zac Dalpe.
18:52 of 3rd period - Shot Blocked by Vladislav Gavrikov.
18:54 of 3rd period - Wrist shot by Cade Fairchild.
18:54 of 3rd period - Shot Blocked by Iiro Pakarinen.
Goals for this period are 2 for Knights vs 4 for Rafales.
Shots for this period are 6 for Knights vs 17 for Rafales.